 Dungeon Crawl Stone Soup version 0.29-a0-371-g91724d5b39 (webtiles) character file.

Game seed: 3447997936933328569

1360 spaghetti the Stinger (level 8, -5/53 (58) HPs)
             Began as a Gnoll Venom Mage on May 2, 2022.
             Was an Elder of Elyvilon.
             Slain by a wight
             ... wielding a +0 hand axe
              (7 damage)
             ... on level 8 of the Dungeon.
             The game lasted 00:10:15 (7785 turns).

spaghetti the Stinger (Gnoll Venom Mage)            Turns: 7785, Time: 00:10:15

HP:   -5/53 (58)    AC:  6    Str: 14    XL:     8   Next: 64%
MP:   17/17         EV: 12    Int: 17    God:    Elyvilon [****..]
Gold: 370           SH: 11    Dex: 12    Spells: 13/19 levels left

rFire   . . .      SeeInvis .   h - +2 rapier (distort) {!wshort}
rCold   . . .      Faith    .   m - +3 kite shield
rNeg    . . .      Spirit   .   a - +0 robe
rPois   .          Reflect  .   x - +2 helmet
rElec   .          Harm     .   (no cloak)
rCorr   .          Rampage  .   J - +0 pair of gloves
Will    .....                   (no boots)
Stlth   +++.......              (no amulet)
HPRegen 0.17/turn               G - +6 ring of strength
MPRegen 0.15/turn               (no ring)

@: drained
A: fangs 1, strong nose, distributed training
a: Renounce Religion, Purification, Heal Other, Heal Self


You were on level 8 of the Dungeon.
You worshipped Elyvilon.
Elyvilon was greatly pleased with you.
You visited 1 branch of the dungeon, and saw 8 of its levels.

You collected 370 gold pieces.


Innate Abilities, Weirdness & Mutations

You have very sharp teeth.
Your uncanny sense of smell can sniff out nearby items.
Your experience applies equally to all skills.


   Skills:
 + Level 3.4 Fighting
 + Level 3.4 Short Blades
 + Level 3.4 Long Blades
 + Level 3.4 Axes
 + Level 3.4 Maces & Flails
 + Level 3.4 Polearms
 + Level 3.4 Staves
 + Level 3.4 Slings
 + Level 3.4 Bows
 + Level 3.4 Crossbows
 + Level 3.4 Throwing
 + Level 3.4 Armour
 + Level 5.8 Dodging
 + Level 5.5 Stealth
 + Level 3.4 Shields
 + Level 3.4 Unarmed Combat
 + Level 6.1 Spellcasting
 + Level 2.8 Conjurations
 + Level 2.8 Hexes
 + Level 2.8 Summonings
 + Level 2.8 Necromancy
 + Level 2.8 Translocations
 + Level 3.6 Transmutations
 + Level 2.8 Fire Magic
 + Level 2.8 Ice Magic
 + Level 2.8 Air Magic
 + Level 2.8 Earth Magic
 + Level 6.2 Poison Magic
 + Level 3.8 Invocations
 + Level 3.4 Evocations


You had 13 spell levels left.
You knew the following spells:

 Your Spells              Type           Power      Damage    Failure   Level
a - Sting                 Tmut/Pois      84%        1d7       5%          1
b - Poisonous Vapours     Pois/Air       40%        N/A       10%         2
c - Mephitic Cloud        Conj/Pois/Air  18%        N/A       22%         3

Your spell library contained the following spells:

 Spells                   Type           Power      Damage    Failure   Level
 Summon Small Mammal      Summ           56%        N/A       12%         1
 Olgreb's Toxic Radiance  Pois           26%        N/A       30%         4
 Call Canine Familiar     Summ           14%        N/A       36%         3
 Ozocubu's Armour         Ice            14%        N/A       36%         3
 Portal Projectile        Hex/Tloc       28%        N/A       36%         3
 Summon Guardian Golem    Hex/Summ       14%        N/A       36%         3
 Tukima's Dance           Hex            14%        N/A       36%         3
 Anguish                  Hex/Necr       7%         N/A       77%         4
 Leda's Liquefaction      Hex/Erth       7%         N/A       77%         4
 Enfeeble                 Hex            7%         N/A       100%        7
 Ozocubu's Refrigeration  Ice            7%         4d6       100%        7

Inventory:

Hand Weapons
 c - a +2 spectral quick blade {shortrare=g}
   (You acquired it on level 9 of the Dungeon)
 h - a +2 rapier of distortion (weapon) {!wshort}
   (You found it on level 4 of the Dungeon)
Missiles
 e - 153 stones (quivered) {throwing}
 j - 8 boomerangs {throwing}
 r - a throwing net {=f!fthrowing}
 v - 3 javelins {throwing}
Armour
 a - a +0 robe (worn)
 m - a +3 kite shield (worn)
   (You found it on level 1 of the Dungeon)
 x - a +2 helmet (worn)
   (You found it on level 2 of the Dungeon)
 J - a +0 pair of gloves (worn)
   (You found it on level 5 of the Dungeon)
Jewellery
 s - a ring of flight
   (You found it on level 2 of the Dungeon)
 G - a +6 ring of strength (left hand)
   (You found it on level 4 of the Dungeon)
 K - a ring of ice
   (You found it on level 5 of the Dungeon)
Wands
 w - a wand of acid (11)
   (You found it on level 4 of the Dungeon)
 A - a wand of flame (53)
   (You found it on level 3 of the Dungeon)
Scrolls
 l - 2 scrolls of enchant armour
 y - a scroll of silence {!r}
 C - a scroll of teleportation {@r4}
 H - a scroll of fog
Potions
 b - 4 potions of magic
 i - a potion of brilliance {unknown}
 n - a potion of flight {unknown}
 o - 2 potions of haste {unknown}
 q - 2 potions of resistance {unknown}
 t - 2 potions of curing {unknown}
 u - a potion of ambrosia {unknown}
 z - 2 potions of might {unknown}
 B - a potion of heal wounds {unknown}
 D - a potion of lignification {unknown}
 E - a potion of invisibility {unknown}
 F - 2 potions of degeneration {unknown}

Dungeon Overview and Level Annotations

Branches:
Dungeon (9/15)
 Temple: D:4-7         Lair: D:8-11         Orc: D:9-12

Altars:
Elyvilon
Lugonu

Portals:
Abyss: D:4

..# .....# #.# ......#
#.# ###. .......
#.###.... ....<...#
#.#...... ........##
##........ .........#
###.........
.........####...@z......
.........##...##zz......
........#...#####l......
..........### #.z....
.........## #.....
........## ....n
#.......# .##. .......##
.# .......#


You could see a wyvern, a necrophage and 4 wights.


Message History

l - 2 scrolls of enchant armour (gained 1)
There is a stone staircase leading up here.
Key pressed, stopping explore.
Key pressed, stopping explore.
Found a stone staircase leading down.
An orc comes into view. It is wielding a +0 falchion.
An orc warrior comes into view. It is wielding a +0 dire flail.
An orc comes into view. It is wielding a +0 flail.
The orc warrior shouts!
The orc shouts!
You block the orc's attack.
You barely miss the orc. You block the orc's attack.
You hit the orc warrior but do no damage.
Space warps around the orc warrior.
The orc barely misses you. The orc warrior completely misses you.
You closely miss the orc warrior.
You bite the orc warrior, but do no damage.
You block the orc's attack. You block the orc warrior's attack.
You hit the orc warrior.
Space warps around the orc warrior!
You block the orc's attack. The orc barely misses you.
The orc warrior closely misses you.
You hit the orc warrior.
Space warps around the orc warrior.
The orc barely misses you. You block the orc's attack.
The orc warrior misses you. You block the orc's attack. x2
The orc warrior barely misses you.
You hit the orc warrior.
Space warps around the orc warrior.
You block the orc's attack. x2; You block the orc warrior's attack.
You barely miss the orc warrior. You block the orc's attack. x2
The orc warrior misses you.
You hit the orc warrior but do no damage.
The orc warrior blinks!
You block the orc's attack. x2
You hit the orc.
Space warps around the orc.
The orc misses you. You block the orc's attack.
You barely miss the orc. The orc closely misses you.
You block the orc's attack. The orc barely misses you. x2
You hit the orc.
The orc blinks!
The orc misses you.
You barely miss the orc.
The orc hits you with a +0 flail. 😕 HP[-5]
You take 5 damage, and now have 53/58 hp.
You are too injured to fight recklessly!
You are too injured to fight recklessly!
You are too injured to fight recklessly!
Unknown command.
You are too injured to fight recklessly!
You barely miss the orc warrior.
You bite the orc warrior, but do no damage.
You block the orc's attack. The orc warrior barely misses you.
You hit the orc warrior.
You kill the orc warrior!
You block the orc's attack.
The orc hits you with a +0 falchion. 😕 HP[-3]
You take 3 damage, and now have 50/58 hp.
You hit the orc.
The orc blinks!
The orc hits you with a +0 falchion. You block the orc's attack. 😕 HP[-4]
You take 4 damage, and now have 46/58 hp.
You closely miss the orc.
The orc hits you with a +0 falchion. 😕 HP[-2]
You take 2 damage, and now have 44/58 hp.
You puncture the orc!
You kill the orc!
The orc completely misses you.
Things that are here:
a +0 dire flail {mace}; a +0 chain mail; an orc corpse You hit the orc.
You kill the orc!
Things that are here:
a +0 flail {mace}; a +0 scale mail; an orc corpse You start resting.
e - 153 stones {throwing} (gained 21) Key pressed, stopping explore.
A wyvern comes into view.
The wyvern moves out of view. 😎 HP[+14]
Your hp is fully restored (58).
Found a stone staircase leading up. 2 wights come into view.
There are monsters nearby!
A wight comes into view.
It is wielding a +0 mace and wearing a +1 robe of cold resistance.
A wight comes into view. It is wielding a +0 scimitar.
The wyvern hisses angrily.
You block the wight's attack.
You closely miss the wight. You bite the wight, but do no damage.
The wight hits you with a +3 great sword!
You block the wight's attack. 😕 HP[-11]
You take 11 damage, and now have 47/58 hp.
You hit the wight.
Space warps around the wight.
The wight hits you with a +3 great sword!
The wight hits you with a +0 mace!
You feel drained.
* * * LOW HITPOINT WARNING * * *
A necrophage comes into view.
The wight hits you with a +3 great sword!!
* * * LOW HITPOINT WARNING * * *
You feel drained. Elyvilon protects you from harm!
The wight hits you with a +0 mace.
* * * LOW HITPOINT WARNING * * *
The wight hits you with a +0 hand axe!
You die...

Skill      XL: |  1  2  3  4  5  6  7  8 |
---------------+-------------------------+-----
Transmutations | 2 3 |  3.6
Spellcasting   | 5 6 |  6.1
Invocations    | 1 2 3 |  3.8
Fighting       | 1 2 3 |  3.4
Short Blades   | 1 2 3 |  3.4
Long Blades    | 1 2 3 |  3.4
Axes           | 1 2 3 |  3.4
Maces & Flails | 1 2 3 |  3.4
Polearms       | 1 2 3 |  3.4
Staves         | 1 2 3 |  3.4
Slings         | 1 2 3 |  3.4
Bows           | 1 2 3 |  3.4
Crossbows      | 1 2 3 |  3.4
Throwing       | 1 2 3 |  3.4
Armour         | 1 2 3 |  3.4
Shields        | 1 2 3 |  3.4
Unarmed Combat | 1 2 3 |  3.4
Evocations     | 1 2 3 |  3.4
Conjurations   | 1 2 |  2.8
Hexes          | 1 2 |  2.8
Summonings     | 1 2 |  2.8
Necromancy     | 1 2 |  2.8
Translocations | 1 2 |  2.8
Fire Magic     | 1 2 |  2.8
Ice Magic      | 1 2 |  2.8
Air Magic      | 1 2 |  2.8
Earth Magic    | 1 2 |  2.8
Dodging        | 5 |  5.8
Stealth        | 5 |  5.5
Poison Magic   | 6 |  6.2

Action                   |  1- 3 |  4- 6 |  7- 9 || total
-------------------------+-------+-------+-------++-------
Melee: Dagger            |    65 |   127 |       ||   192
       Punch             |     1 |       |       ||     1
       Bite              |     4 |    17 |    11 ||    32
       Rapier            |       |    24 |    83 ||   107
Throw: Stone             |       |    13 |    11 ||    24
       Javelin           |       |       |     2 ||     2
 Cast: Sting             |    11 |     5 |       ||    16
       Poisonous Vapours |     2 |       |       ||     2
       Mephitic Cloud    |       |     1 |       ||     1
Invok: Heal Other        |       |     4 |     1 ||     5
       Heal Self         |       |     3 |     1 ||     4
       Purification      |       |     1 |       ||     1
  Use: Scroll            |       |     7 |     6 ||    13
 Stab: Sleeping          |     8 |    10 |     4 ||    22
       Distracted        |       |     1 |       ||     1
       Confused          |       |     1 |       ||     1
Armor: Robe              |     8 |    51 |     7 ||    66
Dodge: Dodged            |    22 |   102 |    29 ||   153
Block: Kite shield       |    13 |   104 |    49 ||   166

Levels and vault maps discovered:
D:1:      eino_arrival_water_cross, layout_rooms, serial_co_window_serial,
          co_window_corner_a, co_window_corner_a, co_window_paths_b,
          co_window_paths_a, co_window_paths_a, co_window_corner_ca,
          co_window_2corner, co_window_cross_4, co_window_broadway_b,
          co_window_unsneaky_path_c, co_window_broadway_b, co_window_corner_b,
          co_window_paths_e, co_window_4corner_b,
          shapermc_ecumenical_altar_mp_urbaneastern, solitary_fountain
D:2:      layout_loops_cross
D:3:      layout_loops_ring, roderic_batcave, minmay_quadrilaterals
D:4:      due_chaos_kobolds, layout_basic, dreamdust_wishing_well,
          minmay_circle_x
D:5:      layout_basic, uniq_ijyb
D:6:      layout_basic, minmay_temple_entry_waves, minmay_ruined_shrine
D:8:      old_forge, layout_cave_pods, kennysheep_vampire_church
D:9:      layout_loops_ring, dpeg_oklobed_lair

Notes
Turn   | Place    | Note
-------+----------+-------------------------------------------
     0 | D:1      | spaghetti the Gnoll Venom Mage began the quest for the Orb.
     0 | D:1      | Reached XP level 1. HP: 13/13 MP: 6/6
     0 | D:1      | magus.rc [v1.9.6]
   326 | D:1      | HP: 3/12 [poisoned by a kobold]
   688 | D:1      | Reached skill level 2 in Transmutations
   699 | D:1      | Found a faded altar of an unknown god.
   702 | D:1      | Prayed at the altar of an unknown god.
   702 | D:1      | Became a worshipper of Elyvilon the Healer
   702 | D:1      | Reached * piety under Elyvilon
   712 | D:1      | Reached XP level 2. HP: 15/19 MP: 7/7
  1019 | D:1      | You pick up a book of Maledictions and begin reading...
  1019 | D:1      | You add the spells Tukima's Dance, Anguish and Enfeeble to
                  | your library.
  1300 | D:1      | Reached ** piety under Elyvilon
  1551 | D:2      | You add the spells Ozocubu's Armour and Ozocubu's
                  | Refrigeration to your library.
  1555 | D:2      | Learned a level 2 spell: Poisonous Vapours
  1639 | D:2      | Reached skill level 5 in Spellcasting
  1639 | D:2      | Reached XP level 3. HP: 25/25 MP: 7/9
  1797 | D:2      | Reached skill level 1 in Invocations
  2320 | D:2      | Reached skill level 1 in Fighting
  2320 | D:2      | Reached skill level 1 in Short Blades
  2320 | D:2      | Reached skill level 1 in Long Blades
  2320 | D:2      | Reached skill level 1 in Axes
  2320 | D:2      | Reached skill level 1 in Maces & Flails
  2320 | D:2      | Reached skill level 1 in Polearms
  2320 | D:2      | Reached skill level 1 in Staves
  2320 | D:2      | Reached skill level 1 in Slings
  2320 | D:2      | Reached skill level 1 in Bows
  2320 | D:2      | Reached skill level 1 in Crossbows
  2320 | D:2      | Reached skill level 1 in Throwing
  2320 | D:2      | Reached skill level 1 in Armour
  2320 | D:2      | Reached skill level 1 in Shields
  2320 | D:2      | Reached skill level 1 in Unarmed Combat
  2320 | D:2      | Reached skill level 1 in Evocations
  2546 | D:2      | Reached XP level 4. HP: 29/32 MP: 11/11
  3206 | D:3      | Reached skill level 1 in Conjurations
  3206 | D:3      | Reached skill level 1 in Hexes
  3206 | D:3      | Reached skill level 1 in Summonings
  3206 | D:3      | Reached skill level 1 in Necromancy
  3206 | D:3      | Reached skill level 1 in Translocations
  3206 | D:3      | Reached skill level 1 in Fire Magic
  3206 | D:3      | Reached skill level 1 in Ice Magic
  3206 | D:3      | Reached skill level 1 in Air Magic
  3206 | D:3      | Reached skill level 1 in Earth Magic
  3256 | D:3      | Reached *** piety under Elyvilon
  3683 | D:3      | Reached XP level 5. HP: 32/37 MP: 12/12
  3817 | D:3      | You pick up a book of the Hunter and begin reading...
  3817 | D:3      | You add the spells Call Canine Familiar, Portal Projectile
                  | and Leda's Liquefaction to your library.
  3948 | D:4      | You pick up a book of Callings and begin reading...
  3948 | D:4      | You add the spells Summon Small Mammal and Summon Guardian
                  | Golem to your library.
  4080 | D:4      | Reached **** piety under Elyvilon
  4202 | D:4      | Reached XP level 6. HP: 16/44 MP: 13/13
  4204 | D:4      | Reached skill level 2 in Invocations
  4557 | D:4      | Found a one-way gate to the infinite horrors of the Abyss.
  4579 | D:4      | Noticed a black bear
  4590 | D:4      | Killed a black bear
  4591 | D:4      | Reached skill level 2 in Fighting
  4591 | D:4      | Reached skill level 2 in Short Blades
  4591 | D:4      | Reached skill level 2 in Long Blades
  4591 | D:4      | Reached skill level 2 in Axes
  4591 | D:4      | Reached skill level 2 in Maces & Flails
  4591 | D:4      | Reached skill level 2 in Polearms
  4591 | D:4      | Reached skill level 2 in Staves
  4591 | D:4      | Reached skill level 2 in Slings
  4591 | D:4      | Reached skill level 2 in Bows
  4591 | D:4      | Reached skill level 2 in Crossbows
  4591 | D:4      | Reached skill level 2 in Throwing
  4591 | D:4      | Reached skill level 2 in Armour
  4591 | D:4      | Reached skill level 5 in Dodging
  4591 | D:4      | Reached skill level 2 in Shields
  4591 | D:4      | Reached skill level 2 in Unarmed Combat
  4591 | D:4      | Reached skill level 2 in Evocations
  4810 | D:4      | Found a large runed translucent door.
  4810 | D:4      | Found a large runed translucent door.
  4810 | D:4      | Found a corrupted altar of Lugonu.
  4821 | D:4      | HP: 10/44 [kobold/+1 rapier of distortion (4)]
  4822 | D:4      | HP: 3/44 [kobold/+1 rapier of distortion (5)]
  5258 | D:4      | Learned a level 3 spell: Mephitic Cloud
  5400 | D:5      | Entered Level 5 of the Dungeon
  5448 | D:5      | Noticed Ijyb
  5461 | D:5      | HP: 11/44 [acid (10)]
  5468 | D:5      | HP: 11/44 [acid (9)]
  5471 | D:5      | Elyvilon protects you from harm!
  5512 | D:5      | Killed Ijyb
  5610 | D:5      | Reached XP level 7. HP: 23/50 MP: 15/15
  6194 | D:5      | Reached skill level 2 in Conjurations
  6194 | D:5      | Reached skill level 2 in Hexes
  6194 | D:5      | Reached skill level 2 in Summonings
  6194 | D:5      | Reached skill level 2 in Necromancy
  6194 | D:5      | Reached skill level 2 in Translocations
  6194 | D:5      | Reached skill level 2 in Fire Magic
  6194 | D:5      | Reached skill level 2 in Ice Magic
  6194 | D:5      | Reached skill level 2 in Air Magic
  6194 | D:5      | Reached skill level 2 in Earth Magic
  6252 | D:5      | Reached skill level 3 in Transmutations
  6260 | D:5      | Reached skill level 5 in Stealth
  6327 | D:5      | Reached skill level 3 in Invocations
  6453 | D:5      | Reached skill level 6 in Poison Magic
  6453 | D:5      | Reached XP level 8. HP: 57/57 MP: 16/16
  6970 | D:6      | Reached skill level 3 in Fighting
  6970 | D:6      | Reached skill level 3 in Short Blades
  6970 | D:6      | Reached skill level 3 in Long Blades
  6970 | D:6      | Reached skill level 3 in Axes
  6970 | D:6      | Reached skill level 3 in Maces & Flails
  6970 | D:6      | Reached skill level 3 in Polearms
  6970 | D:6      | Reached skill level 3 in Staves
  6970 | D:6      | Reached skill level 3 in Slings
  6970 | D:6      | Reached skill level 3 in Bows
  6970 | D:6      | Reached skill level 3 in Crossbows
  6970 | D:6      | Reached skill level 3 in Throwing
  6970 | D:6      | Reached skill level 3 in Armour
  6970 | D:6      | Reached skill level 3 in Shields
  6970 | D:6      | Reached skill level 3 in Unarmed Combat
  6970 | D:6      | Reached skill level 3 in Evocations
  6986 | D:6      | You fall into a shaft and drop 3 floors!
  7145 | D:9      | Noticed a slime creature
  7163 | D:9      | Killed a slime creature
  7164 | D:9      | Reached skill level 6 in Spellcasting
  7165 | D:9      | Identified a scroll of acquirement
  7166 | D:9      | Acquired a +2 quick blade
  7167 | D:9      | c - a +2 quick blade {shortrare=g}
  7168 | D:9      | your +2 quick blade {shortrare=g} acquires a faint
                  | afterimage.
  7168 | D:9      | c - a +2 spectral quick blade {shortrare=g}
  7304 | D:9      | Noticed a slime creature
  7305 | D:9      | Noticed a slime creature
  7305 | D:9      | Noticed a slime creature
  7313 | D:9      | HP: 12/58 [very large slime creature (36)]
  7314 | D:9      | Noticed a slime creature
  7317 | D:9      | Noticed a slime creature
  7768 | D:8      | Noticed a wyvern
  7785 | D:8      | HP: 4/56 [wight/+3 great sword (24)]
  7785 | D:8      | Elyvilon protects you from harm!
  7785 | D:8      | Slain by a wight

Vanquished Creatures
  A slime creature (D:9)
  An orc warrior (D:8)
  A black bear (D:4)
  2 ogres (D:5)
  A phantom (D:5)
  A scorpion (D:4)
  A vampire bat (D:3)
  3 jellies
  2 hounds
  2 iguanas (D:5)
  Ijyb (D:5)
  5 adders
  A shadow imp (D:5)
  2 white imps
  An ufetubus (D:4)
  2 worms
  A dart slug (D:2)
  13 orcs
  4 ball pythons
  13 bats
  4 endoplasms
  7 giant cockroaches
  6 goblins
  5 hobgoblins
  A quokka (D:3)
  3 frilled lizards
  14 kobolds
  7 rats
105 creatures vanquished.

Vanquished Creatures (others)
  An orc wizard (D:9)
  An orc (D:9)
  3 kobolds (D:4)
  2 fungi (D:1)
7 creatures vanquished.

Grand Total: 112 creatures vanquished

Table legend:
 A = Non-vault XP
 B = Vault XP
 C = Vault XP percentage of total XP
 D = Non-vault monster count
 E = Vault monster count
 F = Vault count percentage of total count
                 A         B        C        D         E       F
            +---------+---------+-------+---------+---------+-------
      Total |    1573 |     183 |  10.4 |      86 |      21 |  19.6
            +---------+---------+-------+---------+---------+-------
        D:1 |      26 |       0 |   0.0 |      17 |       0 |   0.0
        D:2 |      59 |       0 |   0.0 |      16 |       0 |   0.0
        D:3 |      49 |      92 |  65.2 |      23 |      14 |  37.8
        D:4 |     229 |      67 |  22.6 |       7 |       6 |  46.2
        D:5 |     724 |      24 |   3.2 |      17 |       1 |   5.6
        D:6 |      45 |       0 |   0.0 |       1 |       0 |   0.0
        D:8 |     142 |       0 |   0.0 |       3 |       0 |   0.0
        D:9 |     299 |       0 |   0.0 |       2 |       0 |   0.0
            +---------+---------+-------+---------+---------+-------

Illustrated notes

Table legend:
 A = Kills in this place as a percentage of kills in entire the game.
 B = Kills by you in this place as a percentage of kills by you in the entire game.
 C = Kills by friends in this place as a percentage of kills by friends in the entire game.
 D = Other kills in this place as a percentage of other kills in the entire game.
 E = Experience gained in this place as a percentage of experience gained in the entire game.
 F = Experience gained in this place divided by the number of levels of this place that you have seen.
                   A       B       C       D       E      F
               +-------+-------+-------+-------+-------+----------------------
         Total | 100.0 | 100.0 |   N/A | 100.0 | 100.0 | 219.5
       Dungeon | 100.0 | 100.0 |   N/A | 100.0 | 100.0 | 219.5
               +-------+-------+-------+-------+-------+----------------------

Table legend: (Time is in decaauts)
 A = Elapsed time spent in this place.
 B = Non-inter-level travel time spent in this place.
 C = Inter-level travel time spent in this place.
 D = Time resting spent in this place.
 E = Time spent auto-exploring this place.
 F = Levels seen in this place.
 G = Mean time per level.
                   A        B        C        D        E       F      G
               +--------+--------+--------+--------+--------+-----+--------+
         Total |   7833 |   7717 |    116 |   1588 |   5126 |   8 |  979.1 |
       Dungeon |   7833 |   7717 |    116 |   1588 |   5126 |   8 |  979.1 |
               +--------+--------+--------+--------+--------+-----+--------+

Top non-repeatable levels by time:
     D:5: 1582 daAuts
     D:1: 1539 daAuts
     D:4: 1514 daAuts
     D:3: 1239 daAuts
     D:2: 1130 daAuts
     D:8: 465 daAuts
     D:9: 341 daAuts
     D:6: 19 daAuts
